[Event "*** MasterClass Titled Tuesday Blitz"]
[Site "Chess.com"]
[Date "2017.10.03"]
[Round "7"]
[White "Tarlev_Konstantin"]
[Black "wonderfultime"]
[Result "1/2-1/2"]
[WhiteElo "2605"]
[BlackElo "2585"]
[TimeControl "180+2"]
[EndTime "14:40:15 PDT"]
[Termination "Game drawn by agreement"]

1. b3 d5 2. Bb2 Bf5 3. e3 Nf6 4. f4 Bc8 5. Nf3 g6 6. Be2 Bg7 7. O-O O-O 8. c4 c5 9. Ne5 Nbd7 10. d3 e6 11. Nd2 b6 12. Qc2 Bb7 13. Ndf3 Rc8 14.
Rad1 Qc7 15. Qb1 Rfd8 16. Qa1 Ne8 17. Ng5 Nxe5 18. Bxe5 Qe7 19. Bxg7 Nxg7 20. g4 Re8 21. Nf3 dxc4 22. bxc4 Bxf3 23. Bxf3 Red8 24. a4 Rd6 25. a5 Rcd8 26. Be2 Qh4 27. Kg2 Qe7 28. Qc3 Qb7+ 29. Kf2 Qd7 30. h3 Qe7 31. Kg2 Ne8 32. Ra1 Qb7+ 33. Kh2 Qe7 34. axb6 axb6 35. Ra2 Ng7 36.
Rfa1 Qh4 37. Qe1 Qf6 38. Ra8 h6 39. Rxd8+ Rxd8 40. Ra2 e5 41. Qg3 exf4 42. Qxf4 Qxf4+ 43. exf4 Ne6 44. Kg3 Nd4 45. Bf1 Re8 46. Kf2 Kg7 47.
Bg2 Re6 48. Bd5 Re7 49. h4 h5 50. gxh5 gxh5 51. Be4 Re6 52. Ra7 Rf6 53. Ke3 Nc2+ 54. Kd2 Nd4 55. Ke3 Re6 56. Rb7 Kf8 57. f5 Nxf5+ 58. Kf4 Nd4 59. Bd5 Rf6+ 60. Kg5 Kg7 61. Be4 Rh6 62. Rxf7+ Kxf7 63. Kxh6 Kf6 64. Kxh5 b5 65.
cxb5 Nxb5 66. Kg4 Nd6 67. Bd5 Ke5 68. Bc4 Kf6 69. h5 Nf5 70. Kf4 Nh6 71. Bd5 Nf5 72. Be4 Nh6 73. Bg6 Ng8 74. Ke4 Ne7 75. Be8 Ke6 76.
h6 Kf6 77. Bh5 Nc6 78. Kd5 Nb4+ 79. Kc4 Na6 80. Kb5 Nb4 81. Kc4 Nc2 82. Kxc5 Ne3 83.
d4 Nf5 84. d5 Nxh6 85. d6 Nf5 86. d7 Ke7 87. Kc6 Kd8 88. Bg4 Ne7+ 89. Kd6 1/2-1/2

[Event "*** MasterClass Titled Tuesday Blitz"]
[Site "Chess.com"]
[Date "2017.10.03"]
[Round "7"]
[White "fidetrainerNET"]
[Black "saraswathii"]
[Result "1/2-1/2"]
[WhiteElo "2084"]
[BlackElo "2272"]
[TimeControl "180+2"]
[EndTime "14:40:44 PDT"]
[Termination "Game drawn - insufficient material"]

1. e4 c5 2. Nf3 e6 3. b3 d5 4.
e5 g6 5. Bb5+ Bd7 6. a4 a6 7.
Be2 Bg7 8. c4 d4 9. d3 Nc6 10.
Bf4 Qc7 11. O-O Nxe5 12. Kh1 Bc6 13. Re1 Ne7 14. Nbd2 f6 15. Bg3 Nf5 16. Nxe5 Nxg3+ 17. hxg3 fxe5 18. Bf3 O-O 19. Bxc6 Qxc6 20. f3 b5 21. Ne4 b4 22. Qd2 Rac8 23. Qg5 Rc7 24. Kg1 Rf5 25.
Qh4 Qd7 26. Kf2 g5 27. Qh5 h6 28. Rh1 Qf7 29. Qh3 Qg6 30. Ke2 Rf8 31. g4 Rf4 32.
g3 Rf8 33. a5 Qf7 34. Rhf1 Qg6 35. Rf2 Rc6 36. Qf1 Rf7 37. Qb1 Rc8 38. Qa2 h5 39. Qa4 Rcf8 40. Qc6 hxg4 41. fxg4 Rxf2+ 42. Nxf2 Rf7 43. Qe8+ Bf8 44. Qc6 Qf6 45. Ne4 Qf3+ 46. Kd2 Qe3+ 47.
Kc2 Rf3 48. Qxe6+ Kg7 49. Qxe5+ Kg8 50. Qxg5+ Qxg5 51. Nxg5 Rxg3 52. Ne6 Rxg4 53. Rf1 Bd6 54. Rf5 Rg2+ 55. Kd1 Rb2 56. Nxc5 Bxc5 57. Rxc5 Rxb3 58. Kd2 Rb2+ 59. Kc1 Ra2 60. Rc8+ Kf7 61. Rc7+ Ke8 62. Rb7 Rxa5 63. Rxb4 Ra3 64. Kc2 Kd7 65. Rb6 a5 66.
Ra6 Rc3+ 67. Kd2 Ra3 68. c5 Ra2+ 69. Kc1 Kc7 70. Rd6 Ra4 71. Kc2 Ra2+ 72. Kb3 Ra1 73. Rxd4 Kc6 74. Rc4 Rd1 75. d4 Kd5 76. Kc2 Rh1 77.
Ra4 Rh2+ 78. Kd1 Rh4 79. Kd2 Rh2+ 80. Kc3 Rh3+ 81. Kb2 Rh2+ 82. Kb3 Rh3+ 83. Ka2 Rh2+ 84. Kb1 Rh1+ 85. Kc2 Rh2+ 86. Kd3 Rh3+ 87. Ke2 Rh2+ 88. Ke3 Rh3+ 89. Kf4 Rd3 90. Kf5 Rf3+ 91. Kg6 Rf4 92. Kg7 Rf1 93. Kg8 Rd1 94. Kf8 Re1 95. Kf7 Re4 96. Kf6 Re1 97. Rxa5 Kxd4 98. c6 Rc1 99. Ra6 Kd5 100. Ke7 Rxc6 101. Rxc6 Kxc6 1/2-1/2

[Event "*** MasterClass Titled Tuesday Blitz"]
[Site "Chess.com"]
[Date "2017.10.03"]
[Round "7"]
[White "ArnaudovP"]
[Black "tigra"]
[Result "1/2-1/2"]
[WhiteElo "2485"]
[BlackElo "2653"]
[TimeControl "180+2"]
[EndTime "14:41:21 PDT"]
[Termination "Game drawn by stalemate"]

1. Nf3 d5 2. c4 d4 3. e3 c5 4.
b4 dxe3 5. fxe3 cxb4 6. d4 Nf6 7. Bd3 g6 8. O-O Bg7 9. Bb2 O-O 10. a3 bxa3 11.
Nxa3 b6 12. e4 Nfd7 13. e5 Bb7 14. Qe2 e6 15. Nb5 f5 16. Ba3 a5 17. Rab1 Na6 18.
Bxf8 Qxf8 19. Nd6 Bxf3 20. Qxf3 Nb4 21. Rxb4 axb4 22. Qb7 Rd8 23. Bc2 Nxe5 24. dxe5 Bxe5 25. Nb5 Qc5+ 26. Kh1 Qxc4 27. Re1 Qxc2 28. Qe7 Qc8 29. Na7 Qd7 30. Qh4 Bg7 31. Nc6 Rc8 32. Ne7+ Kf7 33.
Nxc8 Qxc8 34. Qxb4 Qc5 35. Qa4 Bd4 36. Qd7+ Kf6 37. Qxe6+ Kg5 38. Qf7 Kh6 39. h3 b5 40.
Qe8 b4 41. Qd8 Kh5 42. Qd7 Kh6 43. Qd8 Bf2 44. Rf1 Bg3 45. Qd3 f4 46. Rd1 Bf2 47. Qd8 b3 48. Qf6 Bg3 49. Qb2 Qc2 50. Qxc2 bxc2 51.
Rc1 Bf2 52. Rxc2 Be3 53. Rc4 Kg5 54. Re4 h5 55. Re8 Kh4 56. Re6 g5 57. Re5 Bf2 58. Re2 Be3 59. Re1 Kg3 60. Rf1 Bf2 61. Rb1 Be3 62. Rb3 Kf2 63. Rb5 f3 64. Rf5 Bf4 65. gxf3 Kg3 66. h4 Kxh4 67. Kg2 Bc7 68. Rf7 Bd6 69.
Rd7 Be5 70. Rd5 Bc7 71. Rc5 Bd6 72. Rc6 Be5 73. Rc4+ g4 74. f4 Bd6 75. Rd4 Bc7 76. Rc4 Bd6 77. Re4 Bc7 78. Rd4 Bb8 79. Rc4 Bd6 80.
Re4 Bc7 81. Rb4 Bd6 82. Rc4 Bb8 83. Rd4 Bc7 84. Re4 Bb6 85. f5 Kg5 86. Re6 Bd4 87. Rd6 Be5 88. Rd5 Kxf5 89. Rd8 h4 90. Rf8+ Ke4 91.
Rg8 Kf5 92. Rf8+ Bf6 93. Rg8 Bg5 94. Rf8+ Kg6 95. Rg8+ Kf6 96. Rf8+ Ke6 97. Rg8 Kf6 98. Rf8+ Kg7 99. Ra8 Kg6 100. Rg8+ Kf5 101. Rh8 Ke4 102. Rg8 Kf4 103. Rf8+ Ke4 104. Rg8 Kf5 105. Rf8+ Bf6 106.
Rg8 Be5 107. Rxg4 Kxg4 108. Kh1 Kg3 109. Kg1 h3 110. Kh1 Kf3 111. Kg1 h2+ 112. Kh1 Bg3 1/2-1/2

[Event "*** MasterClass Titled Tuesday Blitz"]
[Site "Chess.com"]
[Date "2017.10.03"]
[Round "8"]
[White "oskariot"]
[Black "Msb2"]
[Result "0-1"]
[WhiteElo "2493"]
[BlackElo "2627"]
[TimeControl "180+2"]
[EndTime "14:42:43 PDT"]
[Termination "Msb2 won by resignation"]

1. c4 e6 2. e3 Nf6 3. Nc3 d5 4.
Qc2 Be7 5. Nf3 O-O 6. b3 c5 7.
cxd5 exd5 8. d4 Nc6 9. dxc5 Bxc5 10. Bb2 d4 11. exd4 Nxd4 12. Nxd4 Qxd4 13. Be2 Qxf2+ 0-1

[Event "*** MasterClass Titled Tuesday Blitz"]
[Site "Chess.com"]
[Date "2017.10.03"]
[Round "8"]
[White "Mbneu"]
[Black "Krasimir_Rusev"]
[Result "0-1"]
[WhiteElo "2205"]
[BlackElo "2520"]
[TimeControl "180+2"]
[EndTime "14:43:49 PDT"]
[Termination "Krasimir_Rusev won by resignation"]

1. d4 d5 2. c4 dxc4 3. Nf3 a6 4. e4 b5 5. Nc3 Bb7 6. Bf4 e6 7. Be2 Nf6 8. Qb1 Bb4 9. O-O Bxc3 10. bxc3 Bxe4 11.
Qb4 Nd5 0-1

[Event "*** MasterClass Titled Tuesday Blitz"]
[Site "Chess.com"]
[Date "2017.10.03"]
[Round "8"]
[White "JammyDodger91"]
[Black "Mistheoretical"]
[Result "0-1"]
[WhiteElo "2399"]
[BlackElo "2209"]
[TimeControl "180+2"]
[EndTime "14:44:12 PDT"]
[Termination "Mistheoretical won by resignation"]

1. e4 e6 2. d4 d5 3. exd5 exd5 4.
c4 Nf6 5. Nc3 Be7 6. Bd3 O-O 7.
Nge2 dxc4 8. Bxc4 c6 9. O-O Bf5 10. Ng3 Bg4 11. f3 Bc8 12. Re1 Re8 13. Bb3 Na6 14.
d5 Bc5+ 15. Kh1 Rxe1+ 16. Qxe1 cxd5 17. Nxd5 Nxd5 0-1

[Event "*** MasterClass Titled Tuesday Blitz"]
[Site "Chess.com"]
[Date "2017.10.03"]
[Round "8"]
[White "plouarzel"]
[Black "Indianlad"]
[Result "0-1"]
[WhiteElo "2471"]
[BlackElo "2595"]
[TimeControl "180+2"]
[EndTime "14:44:16 PDT"]
[Termination "Indianlad won by resignation"]

1. e4 c5 2. Nf3 d6 3. Bb5+ Nc6 4. Bxc6+ bxc6 5. O-O e5 6. c3 f5 7. d4 fxe4 8. Ng5 exd4 9. cxd4 Nf6 10. Nc3 d5 11. dxc5 h6 12. Nh3 Bxh3 13. gxh3 Bxc5 14. Kh1 Qd7 0-1

[Event "*** MasterClass Titled Tuesday Blitz"]
[Site "Chess.com"]
[Date "2017.10.03"]
[Round "8"]
[White "saraswathii"]
[Black "Dhaydon19"]
[Result "0-1"]
[WhiteElo "2265"]
[BlackElo "2464"]
[TimeControl "180+2"]
[EndTime "14:45:33 PDT"]
[Termination "Dhaydon19 won by resignation"]

1. d4 Nf6 2. Bf4 b6 3. e3 Bb7 4. Nf3 e6 5. h3 d6 6. c4 Nbd7 7. Nc3 Be7 8. Bd3 c5 9. O-O O-O 10. Re1 cxd4 11. exd4 d5 12. Ne5 dxc4 13. Nxc4 Nd5 14.
Bg3 N7f6 15. Ne3 Rc8 16. Nexd5 Nxd5 17. Nxd5 Bxd5 18. a3 Qd7 19. Qg4 g6 20. Be5 Qd8 21.
Rac1 Bb7 22. Rxc8 Qxc8 23. Rc1 Qxc1+ 0-1

[Event "*** MasterClass Titled Tuesday Blitz"]
[Site "Chess.com"]
[Date "2017.10.03"]
[Round "8"]
[White "sergiochess83"]
[Black "Paralinch"]
[Result "1/2-1/2"]
[WhiteElo "2728"]
[BlackElo "2690"]
[TimeControl "180+2"]
[EndTime "14:46:38 PDT"]
[Termination "Game drawn by repetition"]

1. Nf3 d5 2. d4 Nf6 3. c4 dxc4 4. e3 e6 5. Bxc4 c5 6. O-O a6 7. dxc5 Bxc5 8. Qxd8+ Kxd8 9. Nbd2 Ke7 10. Be2 Bd7 11.
Ne5 Bb5 12. Bxb5 axb5 13. Nb3 Bd6 14. Nf3 Nc6 15. Nfd4 b4 16. Bd2 Ne4 17. Nxc6+ bxc6 18. Rfc1 Nxd2 19. Nxd2 Ra6 20. Nc4 Rha8 21. Rd1 Bc7 22. a3 bxa3 23. Rxa3 Rxa3 24. bxa3 Ra4 25. Rc1 Bd6 26.
Rc3 Bb4 27. Rb3 Bc5 28. Rc3 Bb4 29. Rb3 Bc5 30. Rc3 Bb4 1/2-1/2

[Event "*** MasterClass Titled Tuesday Blitz"]
[Site "Chess.com"]
[Date "2017.10.03"]
[Round "8"]
[White "GeorgMeier"]
[Black "yosephtaher"]
[Result "1-0"]
[WhiteElo "2779"]
[BlackElo "2587"]
[TimeControl "180+2"]
[EndTime "14:46:49 PDT"]
[Termination "GeorgMeier won by resignation"]

1. Nf3 g6 2. e4 Bg7 3. d4 d6 4. Bd3 Nf6 5. O-O O-O 6. Re1 Bg4 7. Nbd2 c5 8. dxc5 dxc5 9. h3 Bc8 10. Qe2 Nc6 11. c3 b6 12. a4 e6 13. Nc4 Qc7 14. e5 Nd5 15. h4 Ba6 16. h5 Bxc4 17. Bxc4 Na5 18. h6 Bh8 19. Bg5 Nxc4 20. Qxc4 Rfe8 21. Rad1 a6 22. Qe4 b5 23. Nh2 bxa4 24. c4 Ne7 25. Ng4 Nf5 26. Bf6 Reb8 27. Rd2 Bxf6 28. Nxf6+ Kh8 29. Rd7 Qa5 30. Rxf7 1-0

[Event "*** MasterClass Titled Tuesday Blitz"]
[Site "Chess.com"]
[Date "2017.10.03"]
[Round "8"]
[White "HanSchut"]
[Black "VojtechPlat"]
[Result "0-1"]
[WhiteElo "2236"]
[BlackElo "2671"]
[TimeControl "180+2"]
[EndTime "14:46:52 PDT"]
[Termination "VojtechPlat won on time"]

1. e4 c5 2. Nf3 Nc6 3. d4 cxd4 4.
Nxd4 g6 5. c4 Bg7 6. Be3 Qb6 7.
Nb5 Qa5+ 8. N5c3 Nf6 9. Bd3 d6 10. O-O Ng4 11. Bd2 Qe5 12. g3 h5 13. Nd5 h4 14.
Bc3 Nd4 15. f4 Qh5 16. Qa4+ Bd7 17. Qa5 b5 18. Nc7+ Kf8 19. Nxa8 hxg3 20. Qd8+ Be8 21.
h4 Qxh4 22. Qxe8+ Kxe8 23. Nc7+ Kd7 0-1

[Event "*** MasterClass Titled Tuesday Blitz"]
[Site "Chess.com"]
[Date "2017.10.03"]
[Round "8"]
[White "Hanging_pointer"]
[Black "chessdjw"]
[Result "0-1"]
[WhiteElo "2341"]
[BlackElo "2296"]
[TimeControl "180+2"]
[EndTime "14:46:53 PDT"]
[Termination "chessdjw won by checkmate"]

1. e4 e5 2. Nf3 Nc6 3. Bc4 Bc5 4. O-O Nf6 5. d3 a6 6. h3 Ba7 7. c3 d6 8. Bb3 h6 9. Re1 O-O 10. Nbd2 Be6 11. Nf1 Bxb3 12. Qxb3 Qd7 13. Ng3 b5 14. Be3 Bxe3 15. Rxe3 Rfe8 16. Qc2 d5 17. exd5 Nxd5 18. Ree1 Nf4 19. Rad1 Qd5 20. c4 Qd6 21. cxb5 axb5 22. a3 Qd5 23. Kh2 Nd4 24. Nxd4 Qxg2# 0-1

[Event "*** MasterClass Titled Tuesday Blitz"]
[Site "Chess.com"]
[Date "2017.10.03"]
[Round "8"]
[White "TheFlaminGM"]
[Black "Diwi89"]
[Result "1-0"]
[WhiteElo "2591"]
[BlackElo "2532"]
[TimeControl "180+2"]
[EndTime "14:47:01 PDT"]
[Termination "TheFlaminGM won by resignation"]

1. e4 c5 2. Nc3 Nc6 3. Nge2 Nf6 4. d4 cxd4 5. Nxd4 e5 6. Ndb5 d6 7. Bg5 a6 8. Na3 b5 9. Bxf6 gxf6 10. Nd5 f5 11. Bd3 Be6 12. c3 Bg7 13. Qh5 O-O 14. exf5 Bxd5 15. f6 e4 16. fxg7 Re8 17. Be2 Re5 18.
Qh6 Rg5 19. Nc2 Ne5 20. O-O-O Rg6 21. Qe3 Bxa2 22. Qxe4 Rc8 23. h4 Bb3 24. h5 Rxg7 25.
f4 Ng4 26. Qd4 h6 27. Bf3 a5 28. Qxd6 Qxd6 29. Rxd6 b4 30. Nd4 a4 31. Nf5 bxc3 32.
Ne7+ Kh8 33. Nxc8 Ne3 34. Rxh6+ Kg8 35. Re1 1-0

[Event "*** MasterClass Titled Tuesday Blitz"]
[Site "Chess.com"]
[Date "2017.10.03"]
[Round "8"]
[White "Gudmundur_Kjartansson"]
[Black "PulpanJ"]
[Result "1-0"]
[WhiteElo "2298"]
[BlackElo "2322"]
[TimeControl "180+2"]
[EndTime "14:47:13 PDT"]
[Termination "Gudmundur_Kjartansson won by resignation"]

1. e4 c5 2. Nf3 Nc6 3. Bb5 g6 4. Bxc6 dxc6 5. d3 Bg7 6. h3 b6 7.
Nc3 Nh6 8. Be3 f6 9. Qd2 Nf7 10. a3 a5 11. O-O O-O 12. Na4 e5 13. b4 axb4 14. axb4 cxb4 15. Bxb6 Qd7 16. Bc5 Re8 17. Nb6 Rxa1 18. Nxd7 Rxf1+ 19. Kxf1 Bxd7 20. Qxb4 Nd8 21. Nd2 Ne6 22. Be3 c5 23. Qb7 Re7 24. Nc4 Bf8 25.
Qb8 Re8 26. Qa7 Re7 27. Bxc5 Nxc5 28. Qxc5 Be6 29. Ne3 Rb7 30. Qc6 Rb1+ 31. Ke2 Kf7 32. Qc7+ Be7 33. Nd5 Bxd5 34. exd5 Ke8 35. d6 Bd8 36.
Qxh7 Rb6 37. d7+ Kf8 38. Qh8+ Ke7 39. Qe8+ 1-0

[Event "*** MasterClass Titled Tuesday Blitz"]
[Site "Chess.com"]
[Date "2017.10.03"]
[Round "8"]
[White "MisaPap"]
[Black "josiwales"]
[Result "1-0"]
[WhiteElo "2534"]
[BlackElo "2341"]
[TimeControl "180+2"]
[EndTime "14:47:22 PDT"]
[Termination "MisaPap won by resignation"]

1. e4 c5 2. Nf3 Nc6 3. d4 cxd4 4. Nxd4 Nf6 5. Nc3 e5 6. Ndb5 d6 7. Bg5 a6 8. Na3 b5 9. Bxf6 gxf6 10. Nd5 f5 11.
exf5 Bxf5 12. c3 Bg7 13. Nc2 O-O 14. Nce3 Bg6 15. h4 h5 16. Be2 f5 17. Bxh5 Qe8 18.
Bxg6 Qxg6 19. h5 Qg5 20. Nc7 Ne7 21. Nxa8 f4 22. Qg4 Qf6 23. Nf1 Nf5 24. Nc7 Rc8 25. Nd5 Qe6 26. Qxf5 1-0

[Event "*** MasterClass Titled Tuesday Blitz"]
[Site "Chess.com"]
[Date "2017.10.03"]
[Round "8"]
[White "BogdanDeac"]
[Black "evgenysharapov"]
[Result "0-1"]
[WhiteElo "2621"]
[BlackElo "2277"]
[TimeControl "180+2"]
[EndTime "14:47:42 PDT"]
[Termination "evgenysharapov won by resignation"]

1. d4 d5 2. c4 c6 3. Nf3 Nf6 4. Nc3 e6 5. Qb3 Nbd7 6. g3 Be7 7. Bg2 O-O 8. O-O b6 9. Qa4 Bb7 10. Rd1 a6 11. Qc2 dxc4 12. Ne5 Nxe5 13. dxe5 Nd5 14.
e4 Nb4 15. Qe2 Nd3 16. Be3 b5 17. f4 Qc7 18. b3 Rad8 19. bxc4 bxc4 20. Qc2 Qa5 21.
Ne2 Bc5 0-1

[Event "*** MasterClass Titled Tuesday Blitz"]
[Site "Chess.com"]
[Date "2017.10.03"]
[Round "8"]
[White "guilhermedeola"]
[Black "MatthewG-p4p"]
[Result "0-1"]
[WhiteElo "2057"]
[BlackElo "2581"]
[TimeControl "180+2"]
[EndTime "14:47:43 PDT"]
[Termination "MatthewG-p4p won by resignation"]

1. d4 Nf6 2. c4 c5 3. Nf3 cxd4 4. Nxd4 e5 5. Nb5 d5 6. cxd5 Bc5 7. N5c3 O-O 8. h3 e4 9. e3 Re8 10. Nd2 Nbd7 11. Bb5 a6 12. Ba4 b5 13. Bc2 Bb4 14.
O-O Bxc3 15. bxc3 Bb7 16. c4 Rc8 17. cxb5 axb5 18. Rb1 Bxd5 19. Rxb5 Bxa2 20. Ba3 Qc7 21.
Bb3 Qc6 22. Rg5 Bxb3 23. Qxb3 Qc2 24. Qxc2 Rxc2 25. Rd1 Ra8 26. Be7 h6 27. Rb5 Raa2 28. Bb4 Rab2 29. Kf1 Kh7 30. Ke1 Kg6 31. Rb1 Rxb1+ 32.
Nxb1 Rc1+ 0-1

[Event "*** MasterClass Titled Tuesday Blitz"]
[Site "Chess.com"]
[Date "2017.10.03"]
[Round "8"]
[White "nutibara"]
[Black "DrVelja"]
[Result "1-0"]
[WhiteElo "2288"]
[BlackElo "2483"]
[TimeControl "180+2"]
[EndTime "14:47:50 PDT"]
[Termination "nutibara won by resignation"]

1. e4 c5 2. Nf3 e6 3. d4 cxd4 4. Nxd4 Nf6 5. Nc3 d6 6. Be3 Be7 7. f4 O-O 8. Qf3 e5 9. Nf5 Bxf5 10. exf5 Nbd7 11. O-O-O Rc8 12. Bd2 Qc7 13. Kb1 e4 14. Qh3 d5 15. Be3 Bc5 16. g4 Bxe3 17. Qxe3 Nxg4 18.
Qg3 Ngf6 19. Rg1 g6 20. fxg6 hxg6 21. Bh3 Rcd8 22. Bxd7 Rxd7 23. Qg5 Nh7 24. Qh6 Qc6 25. f5 g5 26. Rxg5+ Nxg5 27. Qxg5+ Kh7 28. f6 1-0

[Event "*** MasterClass Titled Tuesday Blitz"]
[Site "Chess.com"]
[Date "2017.10.03"]
[Round "8"]
[White "Keaton87"]
[Black "wonderfultime"]
[Result "0-1"]
[WhiteElo "2475"]
[BlackElo "2591"]
[TimeControl "180+2"]
[EndTime "14:48:05 PDT"]
[Termination "wonderfultime won by checkmate"]

1. e4 e6 2. d4 d5 3. Nd2 c5 4.
Ngf3 cxd4 5. exd5 Qxd5 6. Bc4 Qd7 7. O-O Nf6 8. Nb3 Nc6 9. Qe2 Be7 10. Rd1 O-O 11.
Nbxd4 Nxd4 12. Nxd4 Qc7 13. Bb3 a6 14. a4 Rd8 15. c3 e5 16. Nf3 Rxd1+ 17. Qxd1 Bg4 18. h3 Bh5 19. g4 Bg6 20. Qe2 Bc5 21. Qxe5 Qb6 22.
Bc4 Re8 23. Qf4 Bxf2+ 24. Kg2 Bc5 25. b4 Bd6 26. Qd4 Qc7 27. Bd3 Ne4 28. Bb2 Bc5 29.
bxc5 Qg3+ 30. Kf1 Qxf3+ 31. Kg1 Qg3+ 32. Kf1 Nd2# 0-1

[Event "*** MasterClass Titled Tuesday Blitz"]
[Site "Chess.com"]
[Date "2017.10.03"]
[Round "8"]
[White "Jungle_Jaguar"]
[Black "bancsoo"]
[Result "0-1"]
[WhiteElo "2374"]
[BlackElo "2566"]
[TimeControl "180+2"]
[EndTime "14:48:11 PDT"]
[Termination "bancsoo won by resignation"]

1. e4 c5 2. Nf3 Nc6 3. d4 cxd4 4. Nxd4 Nf6 5. Nc3 e5 6. Ndb5 d6 7. Bg5 a6 8. Na3 b5 9. Nd5 Be7 10. Bxf6 Bxf6 11. c4 b4 12. Nc2 a5 13. g3 O-O 14.
h4 Be6 15. Bh3 Rb8 16. Bxe6 fxe6 17. Nde3 Be7 18. O-O Rb7 19. b3 Qe8 20. Qg4 Qf7 21.
Rad1 Rd8 22. f4 exf4 23. Rxf4 Qg6 24. Qxg6 hxg6 25. Ng4 a4 26. Rf3 axb3 27. axb3 Ra7 28. Rfd3 Ra2 29. R1d2 Rda8 30. Kg2 Rb2 31. Nd4 Raa2 32.
Rf2 Ne5 33. Nxe5 Rxf2+ 34. Kh3 dxe5 35. Nxe6 Rad2 36. Re3 Kf7 37. Nc7 Bc5 38. Re1 Rf3 39.
Kg4 Rdd3 0-1

[Event "*** MasterClass Titled Tuesday Blitz"]
[Site "Chess.com"]
[Date "2017.10.03"]
[Round "8"]
[White "chess2matters"]
[Black "PowerThinking2650"]
[Result "1-0"]
[WhiteElo "2342"]
[BlackElo "2153"]
[TimeControl "180+2"]
[EndTime "14:48:22 PDT"]
[Termination "chess2matters won on time"]

1. d4 Nf6 2. c4 g6 3. g3 Bg7 4.
Bg2 O-O 5. Nc3 d6 6. Nf3 Nbd7 7. O-O e5 8. e4 exd4 9. Nxd4 Re8 10. h3 Nc5 11. Re1 Bd7 12. Bf4 Qc8 13. Kh2 h6 14. Qd2 g5 15. Be3 Nfxe4 16. Nxe4 Nxe4 17. Qc2 Nc5 18. b4 Na4 19. Rad1 a5 20. b5 Nc5 21. Bd5 c6 22.
bxc6 bxc6 23. Bg2 Rb8 24. Nb3 Bf5 25. Qd2 Nd3 26. Rf1 a4 27. Nd4 Bg6 28. Nxc6 Rb2 29. Qa5 Rxe3 30. Na7 Qb7 31. Bxb7 1-0

[Event "*** MasterClass Titled Tuesday Blitz"]
[Site "Chess.com"]
[Date "2017.10.03"]
[Round "8"]
[White "Superfelix"]
[Black "catalin009"]
[Result "1-0"]
[WhiteElo "2331"]
[BlackElo "2367"]
[TimeControl "180+2"]
[EndTime "14:48:44 PDT"]
[Termination "Superfelix won by resignation"]

1. e4 e6 2. d4 d5 3. Nd2 c5 4. exd5 Qxd5 5. Ngf3 cxd4 6. Bc4 Qd7 7. O-O a6 8. a4 Nf6 9. Nb3 b6 10. Nbxd4 Bb7 11. Re1 Be7 12. Ne5 Qc7 13. Bxe6 fxe6 14. Nxe6 Qd6 15. Nxg7+ Kf8 16. Ne6+ Qxe6 17. Ng6+ hxg6 18.
Rxe6 Nbd7 19. Bg5 Bd5 20. Bxf6 Nxf6 21. Rxf6+ Bxf6 22. Qxd5 Kg7 23. Qb7+ Kh6 24. Ra3 Rad8 25. Rh3+ Kg5 26. Rg3+ Kh6 27. Rh3+ Kg5 28. Rd3 Rhe8 29. h4+ Kxh4 30. Qxb6 Rxd3 31. Qxf6+ 1-0

[Event "*** MasterClass Titled Tuesday Blitz"]
[Site "Chess.com"]
[Date "2017.10.03"]
[Round "8"]
[White "amaidel"]
[Black "ka1ser64"]
[Result "1-0"]
[WhiteElo "2434"]
[BlackElo "2321"]
[TimeControl "180+2"]
[EndTime "14:48:51 PDT"]
[Termination "amaidel won on time"]

1. e4 e6 2. d4 d5 3. Nc3 Nc6 4. Nf3 Nf6 5. exd5 exd5 6. Bb5 Be7 7. Ne5 Bd7 8. Nxd7 Qxd7 9. O-O O-O 10. Re1 Rfe8 11.
Bf4 a6 12. Bf1 Bd6 13. Qd2 Ne4 14. Nxe4 dxe4 15. Be3 Qf5 16. a3 b5 17. c3 Ne7 18. a4 c6 19. axb5 axb5 20. g3 Nd5 21. Bg2 Qg6 22. Rxa8 Rxa8 23. Qc2 Ra4 24. Bxe4 Qh5 25.
Bc1 g6 26. Kg2 Qg4 27. Bf3 Qd7 28. Bh6 f5 29. Qe2 Kf7 30. h4 Ra2 31. Qd2 Nf6 32.
Bg5 Bc7 33. Bxf6 Kxf6 34. d5 c5 35. Qh6 1-0

[Event "*** MasterClass Titled Tuesday Blitz"]
[Site "Chess.com"]
[Date "2017.10.03"]
[Round "8"]
[White "SCIM"]
[Black "ehrenfeld"]
[Result "1-0"]
[WhiteElo "2444"]
[BlackElo "2333"]
[TimeControl "180+2"]
[EndTime "14:48:53 PDT"]
[Termination "SCIM won by resignation"]

1. d4 Nf6 2. c4 e6 3. Nc3 Bb4 4. Qc2 c5 5. dxc5 Bxc5 6. Nf3 Qb6 7. e3 Qc7 8. g3 b6 9. Bg2 Bb7 10. O-O a6 11. b3 Be7 12. Bb2 d6 13. Rfd1 Nbd7 14.
Rac1 O-O 15. Ne1 Rac8 16. Qe2 Rfd8 17. h3 Bxg2 18. Nxg2 Qb7 19. Nf4 Ne5 20. e4 b5 21.
cxb5 axb5 22. Qxb5 Qxb5 23. Nxb5 Nxe4 24. Nd3 Rxc1 25.
Bxc1 Nxd3 26. Rxd3 d5 27. Be3 Rc8 28. a4 Bb4 29. Kg2 Rc2 30. g4 f6 31. Nd4 Rb2 32.
Nxe6 Kf7 33. Nf4 Nc5 34. Rxd5 Nxb3 35. Rd7+ Kg8 36. Rb7 Na5 37. Rb8+ Kf7 38. Nd3 1-0

[Event "*** MasterClass Titled Tuesday Blitz"]
[Site "Chess.com"]
[Date "2017.10.03"]
[Round "8"]
[White "joppie2"]
[Black "severomorskij"]
[Result "1-0"]
[WhiteElo "2603"]
[BlackElo "2653"]
[TimeControl "180+2"]
[EndTime "14:48:57 PDT"]
[Termination "joppie2 won by checkmate"]

1. e4 c5 2. Nf3 Nc6 3. Nc3 e5 4.
Bc4 Be7 5. d3 Nf6 6. Bg5 O-O 7. a3 d6 8. Nd2 Be6 9. Bxf6 Bxf6 10.
Nd5 Bg5 11. Nf1 b5 12. Ba2 Kh8 13. Nfe3 g6 14. h4 Bxh4 15. Nf5 Bg5 16. Qg4 gxf5 17. exf5 Bd7 18. f4 exf4 19. O-O-O Nd4 20. Rxh7+ Kxh7 21. Rh1+ Kg7 22. Rh5 Bxf5 23. Rxg5+ Bg6 24. Nxf4 Qe7 25.
Rxg6+ fxg6 26. Qxg6+ Kh8 27. Qh6+ Qh7 28. Ng6# 1-0

[Event "*** MasterClass Titled Tuesday Blitz"]
[Site "Chess.com"]
[Date "2017.10.03"]
[Round "8"]
[White "Lawliet64"]
[Black "rickkrewson"]
[Result "1-0"]
[WhiteElo "2058"]
[BlackElo "1770"]
[TimeControl "180+2"]
[EndTime "14:48:59 PDT"]
[Termination "Lawliet64 won by resignation"]

1. e4 Nc6 2. Nc3 Nf6 3. Bc4 e6 4. d3 d5 5. Bb3 dxe4 6. Nxe4 Nxe4 7. dxe4 Qxd1+ 8. Kxd1 Bc5 9. Ke1 O-O 10. c3 b6 11. f3 Bb7 12. Ne2 Rfd8 13. Bf4 e5 14. Bg5 Rd7 15. Rd1 Rxd1+ 16. Kxd1 h6 17. Bh4 Na5 18.
Kc2 Nxb3 19. axb3 Ba6 20. Nc1 g5 21. Bg3 f6 22. Rd1 Bd6 23. Bf2 Rd8 24. c4 Kf7 25. Ne2 Bc8 26. h4 Be6 27. hxg5 hxg5 28. Rh1 Kg7 29. Ng3 Rh8 30. Rxh8 Kxh8 31. Kc3 c5 32. Nf5 Bxf5 33. exf5 Kg7 34. Kd3 Kh6 35. Ke4 Kh5 36.
Kd5 Be7 37. Ke6 Bd8 38. g4+ 1-0

[Event "*** MasterClass Titled Tuesday Blitz"]
[Site "Chess.com"]
[Date "2017.10.03"]
[Round "8"]
[White "swayamsm"]
[Black "Blitzstream"]
[Result "1-0"]
[WhiteElo "2492"]
[BlackElo "2488"]
[TimeControl "180+2"]
[EndTime "14:49:06 PDT"]
[Termination "swayamsm won by resignation"]

1. d4 Nf6 2. Nf3 b5 3. Bf4 Bb7 4. e3 a6 5. Nbd2 g6 6. Bd3 Bg7 7. e4 d6 8. O-O Nbd7 9. c3 c5 10. Qe2 O-O 11. h3 Qb6 12. Bh2 Rac8 13. e5 dxe5 14.
dxe5 Nd5 15. c4 Nb4 16. Be4 Bxe4 17. Nxe4 Nc6 18. e6 fxe6 19. Neg5 Nd4 20. Nxd4 cxd4 21. cxb5 e5 22. bxa6 Rc6 23. Qe4 e6 24. a7 Nc5 25.
Qe2 Qxa7 26. Bxe5 Bxe5 27. Qxe5 Nd3 28. Qe4 Nb4 29. a3 Nd5 30. Nxe6 Qe7 31. Qxd5 Rxe6 32. Qxd4 Re4 33. Qd5+ Kg7 34. b4 Re2 35. b5 Qh4 36. Qd7+ Kh6 37. Qg4 Rfxf2 38. Qxh4+ 1-0